AoeStats
← andonihc9

Arabia

510112869Analyzed
1v1 RM · 2d ago on Sep 29, 2026· 59m 8s· 2 players
Game mode
Random Map
Map size
Tiny (2 player)
Population
200
Speed
Normal
Resources
Standard
Victory
Conquest
Starting age
Dark Age
Ending age
Imperial Age
RankedLock teamsTeams togetherTeam positionsShared explorationLock speedFull tech treeHidden civsTurbo modeCheats
Victory
Defeat
🇨🇳 Franks · China
850
+15
🇲🇽 Byzantines · Mexico
818
-27
andonihc9
5:49 Loom
12:35 Feudal Age
13:11 Double-Bit Axe
22:16 Arson
23:45 Horse Collar
30:13 Castle Age
28:24 Stone Mining
29:16 Forging
28:56 Fletching
31:49 Crossbowman
32:35 Thumb Ring
33:42 Squires
35:14 Padded Archer Armor
37:05 Gold Mining
37:25 Pikeman
44:41 Iron Casting
44:02 Bodkin Arrow
46:08 Wheelbarrow
50:17 Gambesons
53:42 Imperial Age
53:51 Capped Ram
54:45 Elite Cataphract
56:20 Arbalester
57:12 Scale Mail Armor
59:32 Chemistry
格林帽子变戏法
9:46 Feudal Age
8:20 Loom
23:46 Castle Age
22:27 Fletching
22:42 Scale Barding Armor
23:24 Gold Mining
23:26 Double-Bit Axe
25:01 Wheelbarrow
25:26 Chain Barding Armor
25:09 Padded Archer Armor
25:22 Forging
28:35 Chain Barding Armor
28:17 Bodkin Arrow
28:46 Chain Barding Armor
28:49 Bow Saw
31:35 Ballistics
33:33 Bodkin Arrow
33:45 Gold Mining
34:54 Hand Cart
36:29 Leather Archer Armor
36:59 Husbandry
38:15 Gold Shaft Mining
42:47 Imperial Age
42:01 Iron Casting
42:52 Stone Mining
43:50 Heavy Mounted Crossbowman
43:50 Cranequins
45:27 Plate Barding Armor
46:51 Chemistry
46:15 Cavalier
47:49 Ordonnance Companies
52:02 Conscription
52:40 Paladin
56:11 Blast Furnace
58:53 Chivalry
Connection lost

Rejoining the realm…

Still unreachable

The connection could not be restored.

Session expired

The server has moved on; the page needs a fresh start.